 Dungeon Crawl Stone Soup version 0.32-a0-876-gcfddb08e57 (webtiles) character file.

Game seed: 4294979253543316827

17 Athletesfoot the Firebug (level 2, 0/24 HPs)
             Began as an Oni Fire Elementalist on Apr 1, 2024.
             Slain by a quokka (2 damage)
             ... on level 1 of the Dungeon.
             The game lasted 00:05:50 (743 turns).

Athletesfoot the Firebug (Oni Fire Elementalist)     Turns: 743, Time: 00:05:50

Health: 0/24       AC:  3    Str: 11    XL:     2   Next: 62%
Magic:  4/5        EV:  8    Int: 16    God:
Gold:   43         SH:  0    Dex:  9    Spells: 5/6 levels left

rFire   . . .        h - +0 club
rCold   . . .        (no shield)
rNeg    . . .        a - +0 robe
rPois   .            (helmet restricted)
rElec   .            (no cloak)
rCorr   .            (gloves unavailable)
SInv    .            (boots unavailable)
Will    .....        (no amulet)
Stlth   +            (no ring)
HPRegen 0.24/turn    (no ring)
MPRegen 0.09/turn

%: no passive effects
@: mighty
A: large, unfitting armour, horns 1, tough skin 1, double potion healing,
drunken brawling
a: no special abilities


You were on level 1 of the Dungeon.
You visited 1 branch of the dungeon, and saw 1 of its levels.

You collected 43 gold pieces.

Inventory:

Hand Weapons
 e - a +0 whip
 h - a +0 club (weapon)
Armour
 a - a +0 robe (worn)
 d - a +0 ring mail
Scrolls
 c - a scroll of fear {unknown}
 j - a scroll of revelation {unknown}
Potions
 b - a potion of magic
 f - a potion of might
 g - a potion of experience {unknown}
 i - a potion of ambrosia {unknown}
 k - a potion of enlightenment {unknown}


   Skills:
 + Level 1.7 Dodging
 + Level 1.5 Stealth
 + Level 2.7 Spellcasting
 + Level 0.9 Conjurations
 + Level 3.2 Fire Magic


You had 5 spell levels left.
You knew the following spells:

 Your Spells              Type           Power      Damage    Failure   Level
a - Foxfire               Conj/Fire      32%        2x1d5     9%          1

Your spell library contained the following spells:

 Spells                   Type           Power      Damage    Failure   Level
 Scorch                   Fire           24%        2d6       8%          2
 Inner Flame              Hex/Fire       7%         N/A       30%         3
 Volatile Blastmotes      Fire/Tloc      14%        2d11      30%         3
 Flame Wave               Conj/Fire      8%         2d5       63%         4
 Brom's Barrelling Bould  Conj/Erth      3%         2d3       83%         4
 Fireball                 Conj/Fire      4%         3d4       92%         5
 Iskenderun's Battlesphe  Conj           5%         2d6       98%         5
 Conjure Ball Lightning   Conj/Air       1%         3x3d6     100%        6
 Orb of Destruction       Conj           2%         9d5       100%        7


Dungeon Overview and Level Annotations

Branches:
Dungeon (1/15)

Altars:

Annotations:
D:1 2 transporters


Innate Abilities, Weirdness & Mutations

You are too large for most types of armour.
You have a pair of small horns on your head.
You have tough skin. (AC +1)
You gain doubled healing and magic from potions.
Whenever you drink a healing potion, you attack all around you.


Message History

The quokka bites you but does no damage.
You barely miss the quokka. Your headbutt misses the quokka.
The quokka is lightly wounded.
The quokka barely misses you.
You hit the quokka but do no damage.
The quokka is lightly wounded.
The quokka bites you. x2
You closely miss the quokka.
The quokka is lightly wounded.
The quokka bites you.
You barely miss the quokka.
The quokka is lightly wounded.
The quokka bites you but does no damage.
The quokka bites you.
You hit the quokka but do no damage.
The quokka is lightly wounded.
The quokka barely misses you.
You closely miss the quokka. The quokka bites you.
The quokka barely misses you.
You hit the quokka but do no damage. The quokka completely misses you.
The quokka closely misses you.
You miss the quokka. The quokka barely misses you.
You barely miss the quokka. The quokka bites you. x2
You closely miss the quokka. Your headbutt misses the quokka.
The quokka bites you.
* * * LOW HITPOINT WARNING * * *
You hit the quokka but do no damage. The quokka bites you.
* * * LOW HITPOINT WARNING * * *
The quokka bites you.
* * * LOW HITPOINT WARNING * * *
Casting: Foxfire (safe; 9% risk of failure)
Confirm with . or Enter, or press ? or * to list all spells.
You conjure some foxfire!
The quokka barely misses you.
The foxfire hits the quokka but does no damage.
The foxfire hits the quokka.
The quokka is heavily wounded.
It was a potion of might.
You feel very mighty all of a sudden. The quokka bites you.
You die...

###.# ##.##
##...## ....#
#.# ##+## #####
#.# # #.# # #†#
##### # #.# #...
# #.####.#### #
#.........#.#...
#
######.@r.......
# ########### #


You could see a quokka.

Vanquished Creatures
  A dart slug (D:1)
  3 ball pythons (D:1)
  An endoplasm (D:1)
  2 giant cockroaches (D:1)
  A goblin (D:1)
  A hobgoblin (D:1)
  A kobold (D:1)
  A quokka (D:1)
  2 bats (D:1)
  A frilled lizard (D:1)
14 creatures vanquished.

Vanquished Creatures (others)
  28 foxfires (D:1)
28 creatures vanquished.

Grand Total: 42 creatures vanquished

Notes
Turn   | Place    | Note
-------+----------+-------------------------------------------
     0 | D:1      | Athletesfoot the Oni Fire Elementalist began the quest for
                  | the Orb.
     0 | D:1      | Reached XP level 1. HP: 16/16 MP: 3/3
   302 | D:1      | Reached skill level 3 in Fire Magic
   302 | D:1      | Reached XP level 2. HP: 24/24 MP: 2/5
   740 | D:1      | HP: 1/24 [quokka (4)]
   743 | D:1      | Slain by a quokka

Illustrated notes

Levels and vault maps discovered:
D:1:      spicycebolla_arrival_transporter_tutorial, layout_loops_corners

Skill      XL: |  1 |
---------------+----+-----
Fire Magic     | 3 |  3.2
Dodging        | |  1.7
Stealth        | |  1.5
Spellcasting   | |  2.7
Conjurations   | |  0.9

Action                     || total
---------------------------++-------
  Melee: Unarmed           ||    18
         Headbutt          ||     6
         Club              ||    35
   Cast: Foxfire           ||    21
    Use: Potion            ||     1
 Armour: Robe              ||    66
  Dodge: Dodged            ||    43

Table legend: (Time is in decaauts)
 A = Elapsed time spent in this place.
 B = Non-inter-level travel time spent in this place.
 C = Inter-level travel time spent in this place.
 D = Time resting spent in this place.
 E = Time spent auto-exploring this place.
 F = Levels seen in this place.
 G = Mean time per level.
                   A        B        C        D        E       F      G
               +--------+--------+--------+--------+--------+-----+--------+
         Total |    753 |    753 |      0 |      0 |    453 |   1 |  753.0 |
       Dungeon |    753 |    753 |      0 |      0 |    453 |   1 |  753.0 |
               +--------+--------+--------+--------+--------+-----+--------+

Top non-repeatable levels by time:
     D:1: 753 daAuts
